 Dungeon Crawl Stone Soup version 0.29-a0-1033-gb6c65ffae6 (webtiles) character file.

Game seed: 1763569022947777290

98 lesbiats the Conjurer (level 4, -3/32 HPs)
             Began as a Gnoll Conjurer on Aug 14, 2022.
             Slain by Sigmund
             ... wielding a +0 scythe
              (8 damage)
             ... on level 2 of the Dungeon.
             The game lasted 00:06:14 (1752 turns).

lesbiats the Conjurer (Gnoll Conjurer)              Turns: 1752, Time: 00:06:15

Health: -3/32      AC:  2    Str:  7    XL:     4   Next: 71%
Magic:  1/11       EV: 13    Int: 19    God:
Gold:   80         SH:  0    Dex: 10    Spells: 10/13 levels left

rFire   . . .      SeeInvis .   g - +0 spear
rCold   . . .      Faith    .   (no shield)
rNeg    . . .      Spirit   .   a - +0 robe
rPois   .          Reflect  .   (no helmet)
rElec   .          Harm     .   (no cloak)
rCorr   .          Rampage  .   (no gloves)
Will    .....                   (no boots)
Stlth   +.........              j - amulet of regeneration
HPRegen 0.90/turn               (no ring)
MPRegen 0.12/turn               (no ring)

@: confused
A: fangs 1, strong nose, distributed training
a: no special abilities


You were on level 2 of the Dungeon.
You visited 1 branch of the dungeon, and saw 2 of its levels.

You collected 80 gold pieces.

Inventory:

Hand Weapons
 e - a +0 dagger
 g - a +0 spear (weapon)
Missiles
 l - 4 poisoned darts
Armour
 a - a +0 robe (worn)
Jewellery
 j - an amulet of regeneration (around neck)
Scrolls
 c - a scroll of torment {unknown}
 f - a scroll of identify {unknown}
 k - a scroll of poison {unknown}
Potions
 b - a potion of magic
 d - a potion of attraction {unknown}
 h - a potion of heal wounds {unknown}
 i - a potion of haste {unknown}


   Skills:
 + Level 1.2 Fighting
 + Level 1.2 Short Blades
 + Level 1.2 Long Blades
 + Level 1.2 Axes
 + Level 1.2 Maces & Flails
 + Level 1.2 Polearms
 + Level 1.2 Staves
 + Level 1.2 Ranged Weapons
 + Level 1.2 Throwing
 + Level 1.2 Armour
 + Level 4.7 Dodging
 + Level 4.3 Stealth
 + Level 1.2 Shields
 + Level 1.2 Unarmed Combat
 + Level 5.1 Spellcasting
 + Level 7.1 Conjurations
 + Level 1.0 Hexes
 + Level 1.0 Summonings
 + Level 1.0 Necromancy
 + Level 1.0 Translocations
 + Level 1.0 Transmutations
 + Level 1.0 Fire Magic
 + Level 1.0 Ice Magic
 + Level 1.0 Air Magic
 + Level 1.0 Earth Magic
 + Level 1.0 Poison Magic
 + Level 1.4 Invocations
 + Level 1.2 Evocations


You had 10 spell levels left.
You knew the following spells:

 Your Spells              Type           Power      Damage    Failure   Level
a - Magic Dart            Conj           100%       1d8       1%          1
b - Searing Ray           Conj           64%        2d6       1%          2

Your spell library contained the following spells:

 Spells                   Type           Power      Damage    Failure   Level
 Dazzling Flash           Conj/Hex       40%        N/A       7%          3
 Fulminant Prism          Conj/Hex       10%        3d9       22%         4
 Iskenderun's Mystic Bla  Conj/Tloc      20%        2d6       22%         4


Dungeon Overview and Level Annotations

Branches:
Dungeon (2/15)

Altars:

Annotations:
D:2 Sigmund


Innate Abilities, Weirdness & Mutations

You have very sharp teeth.
Your uncanny sense of smell can sniff out nearby items.
Your experience applies equally to all skills.


Message History

The puff of flame misses you.
Without enough magic to sustain it, your searing ray dissipates.
You hear some strange, mumbled words.
A puff of flame appears from out of thin air!
The puff of flame misses you.
You don't have enough magic to cast this spell.
Reach: g) +0 spear
Press: ? - help, Dir - move target, p - worm You reach to attack!
You barely miss something. Something hits you but does no damage.
Reach: g) +0 spear
Press: ? - help, Dir - move target You reach to attack!
You hit something. Something barely misses you.
Reach: g) +0 spear
Press: ? - help, Dir - move target You reach to attack!
You hit something.
Unknown command.
Reach: g) +0 spear
Press: ? - help, Dir - move target You reach to attack!
You miss something.
You hear a zap.
A puff of flame appears from out of thin air!
The puff of flame hits you!
Unknown command.
Reach: g) +0 spear
Press: ? - help, Dir - move target You reach to attack!
You hit something.
You hear some strange, mumbled words.
You are confused.
You bump into the rock wall.
Something hits you!
You bump into the rock wall.
You hear some strange, mumbled words.
A puff of flame appears from out of thin air!
The puff of flame hits you. Something hits you!
* * * LOW HITPOINT WARNING * * *
You see here an adder corpse.
You closely miss something.
You bump into the rock wall.
Something hits you!
You die...

##..#####.#####
....#####.# ∆ #
##†.......# .##
##..######## ##..# ....#
#. #.w... ....#######.
#.K.... ..#....†....#
.......
.............######$.†....
...........#....@{w†......
#..#######.....###.......#
#..# ##>....# ##.)....$
#..######......# .......
...)........##.####.......
..#.#####.###............#
.##.###...# #..######...##
##......# #......# ####
...##.### #.####.#


You could see a worm.

Vanquished Creatures
  Terence (D:2)
  An adder (D:2)
  A dart slug (D:1)
  4 ball pythons
  11 endoplasms
  8 giant cockroaches (D:1)
  A goblin (D:1)
  6 hobgoblins
  6 jackals (D:1)
  A quokka (D:1)
  3 bats (D:1)
  3 frilled lizards
  4 kobolds
  3 rats
53 creatures vanquished.

Notes
Turn   | Place    | Note
-------+----------+-------------------------------------------
     0 | D:1      | lesbiats the Gnoll Conjurer began the quest for the Orb.
     0 | D:1      | Reached XP level 1. HP: 13/13 MP: 6/6
     1 | D:1      | Found a runed translucent door.
   102 | D:1      | Reached XP level 2. HP: 19/19 MP: 2/7
   197 | D:1      | Learned a level 2 spell: Searing Ray
   205 | D:1      | Reached skill level 5 in Spellcasting
   205 | D:1      | Reached XP level 3. HP: 25/25 MP: 2/9
   244 | D:1      | Reached skill level 1 in Invocations
   511 | D:1      | Found a faded altar of an unknown god.
  1000 | D:1      | Reached skill level 1 in Fighting
  1000 | D:1      | Reached skill level 1 in Short Blades
  1000 | D:1      | Reached skill level 1 in Long Blades
  1000 | D:1      | Reached skill level 1 in Axes
  1000 | D:1      | Reached skill level 1 in Maces & Flails
  1000 | D:1      | Reached skill level 1 in Polearms
  1000 | D:1      | Reached skill level 1 in Staves
  1000 | D:1      | Reached skill level 1 in Ranged Weapons
  1000 | D:1      | Reached skill level 1 in Throwing
  1000 | D:1      | Reached skill level 1 in Armour
  1000 | D:1      | Reached skill level 1 in Shields
  1000 | D:1      | Reached skill level 1 in Unarmed Combat
  1000 | D:1      | Reached skill level 1 in Evocations
  1584 | D:2      | Reached XP level 4. HP: 32/32 MP: 9/11
  1620 | D:2      | Noticed Terence
  1627 | D:2      | Killed Terence
  1628 | D:2      | Reached skill level 1 in Hexes
  1628 | D:2      | Reached skill level 1 in Summonings
  1628 | D:2      | Reached skill level 1 in Necromancy
  1628 | D:2      | Reached skill level 1 in Translocations
  1628 | D:2      | Reached skill level 1 in Transmutations
  1628 | D:2      | Reached skill level 1 in Fire Magic
  1628 | D:2      | Reached skill level 1 in Ice Magic
  1628 | D:2      | Reached skill level 1 in Air Magic
  1628 | D:2      | Reached skill level 1 in Earth Magic
  1628 | D:2      | Reached skill level 1 in Poison Magic
  1725 | D:2      | Noticed Sigmund
  1752 | D:2      | Slain by Sigmund

Illustrated notes

Levels and vault maps discovered:
D:1:      dpeg_arrival_caged_fury, layout_loops_ring,
          hellmonk_ecumenical_altar_pennies_from_heaven, minmay_misc_feat_alley
D:2:      layout_rooms, uniq_terence, uniq_sigmund

Skill      XL: |  1  2  3  4 |
---------------+-------------+-----
Spellcasting   | 5 |  5.1
Invocations    | 1 |  1.4
Fighting       | 1 |  1.2
Short Blades   | 1 |  1.2
Long Blades    | 1 |  1.2
Axes           | 1 |  1.2
Maces & Flails | 1 |  1.2
Polearms       | 1 |  1.2
Staves         | 1 |  1.2
Ranged Weapons | 1 |  1.2
Throwing       | 1 |  1.2
Armour         | 1 |  1.2
Shields        | 1 |  1.2
Unarmed Combat | 1 |  1.2
Evocations     | 1 |  1.2
Hexes          | 1 |  1.0
Summonings     | 1 |  1.0
Necromancy     | 1 |  1.0
Translocations | 1 |  1.0
Transmutations | 1 |  1.0
Fire Magic     | 1 |  1.0
Ice Magic      | 1 |  1.0
Air Magic      | 1 |  1.0
Earth Magic    | 1 |  1.0
Poison Magic   | 1 |  1.0
Dodging        | |  4.7
Stealth        | |  4.3
Conjurations   | |  7.1

Action                   |  1- 3 |  4- 6 || total
-------------------------+-------+-------++-------
Melee: Unarmed           |     8 |       ||     8
       Spear             |     4 |     7 ||    11
       Bite              |     1 |       ||     1
 Cast: Magic Dart        |    47 |     7 ||    54
       Searing Ray       |     4 |     4 ||     8
Armor: Robe              |     3 |     1 ||     4
Dodge: Dodged            |    22 |     9 ||    31

Table legend: (Time is in decaauts)
 A = Elapsed time spent in this place.
 B = Non-inter-level travel time spent in this place.
 C = Inter-level travel time spent in this place.
 D = Time resting spent in this place.
 E = Time spent auto-exploring this place.
 F = Levels seen in this place.
 G = Mean time per level.
                   A        B        C        D        E       F      G
               +--------+--------+--------+--------+--------+-----+--------+
         Total |   1752 |   1652 |    100 |    858 |    473 |   2 |  876.0 |
       Dungeon |   1752 |   1652 |    100 |    858 |    473 |   2 |  876.0 |
               +--------+--------+--------+--------+--------+-----+--------+

Top non-repeatable levels by time:
     D:1: 1535 daAuts
     D:2: 217 daAuts
